NYP
TRI-CITY VALLEYCATS @ ABERDEEN IRONBIRDS
08/28/2044
 
TOP OF THE 1ST
Tri-City ValleyCats batting - Pitching for Aberdeen Ironbirds : RHP Matt Talaski
Pitching: RHP Matt Talaski
Batting: RHB Justin Olmstead 0-0: Ground out 5-3 (Groundball, 5S, EV 76.3 MPH)
Batting: SHB Paskar Adegoke 0-0: Called Strike
0-1: Called Strike
0-2: DOUBLE (Line Drive, 89XD, EV 99.4 MPH)
Batting: RHB Raul Sanchez 0-0: Called Strike
0-1: Foul Ball, location: 2F
0-2: Ball
1-2: Strikes out swinging
Batting: RHB Jordan Williams 0-0: Called Strike
0-1: Ball
1-1: Swinging Strike
1-2: Strikes out swinging
Top of the 1st over - 0 runs, 1 hit, 0 errors, 1 left on base; Tri-City 0 - Aberdeen 0
BOTTOM OF THE 1ST
Aberdeen Ironbirds batting - Pitching for Tri-City ValleyCats : RHP Elroy Meulenkamp
Pitching: RHP Elroy Meulenkamp
Batting: LHB Shane Free 0-0: Ball
1-0: Ball
2-0: Ball
3-0: Called Strike
3-1: Foul Ball, location: 2F
3-2: Strikes out swinging
Batting: LHB Andrew Erens 0-0: Ball
1-0: SINGLE (Groundball, 34D, EV 100.6 MPH)
Batting: RHB Edwin Ramos 0-0: Called Strike
Andrew Erens steals 2nd base (no throw)
0-1: Swinging Strike
0-2: SINGLE (Groundball, 6MD, EV 103.1 MPH)
Andrew Erens to third
Runner from 3rd tries for Home, SAFE, throw by CF to home
Batting: SHB Jorge Brito 0-0: Ball
1-0: Ball
2-0: Ball
3-0: Base on Balls
Edwin Ramos to second
Batting: RHB Jordan Wallace 0-0: Ball
1-0: Ball
2-0: Ball
3-0: Called Strike
3-1: Swinging Strike
3-2: Strikes out swinging
Batting: LHB David Best 0-0: Ground out 4-3 (Groundball, 4, EV 86.9 MPH)
Bottom of the 1st over - 1 run, 2 hits, 0 errors, 2 left on base; Tri-City 0 - Aberdeen 1
TOP OF THE 2ND
Tri-City ValleyCats batting - Pitching for Aberdeen Ironbirds : RHP Matt Talaski
Batting: LHB Vinny Siebecker 0-0: Ground out 5-3 (Groundball, 25, EV 83.1 MPH)
Batting: RHB Ramon Castellon 0-0: Called Strike
0-1: Ball
1-1: Ball
2-1: Ball
3-1: Ground out 6-3 (Groundball, 6, EV 86.9 MPH)
Batting: RHB Evan Fry 0-0: Swinging Strike
0-1: Ball
1-1: Called Strike
1-2: Ball
2-2: Ball
3-2: Strikes out looking
Top of the 2nd over - 0 runs, 0 hits, 0 errors, 0 left on base; Tri-City 0 - Aberdeen 1
BOTTOM OF THE 2ND
Aberdeen Ironbirds batting - Pitching for Tri-City ValleyCats : RHP Elroy Meulenkamp
Batting: RHB Lee Deason 0-0: Ball
1-0: Ball
2-0: TRIPLE (Flyball, 78XD, EV 100.6 MPH)
Batting: SHB Tyler Myatt 0-0: Ball
1-0: Called Strike
1-1: DOUBLE (Line Drive, 8RD, EV 93.8 MPH)
Lee Deason scores
Batting: RHB Juan Estrada 0-0: Foul Ball, location: 2F
0-1: Foul Ball, location: 2F
0-2: Ball
1-2: Strikes out swinging
Batting: LHB Shane Free 0-0: Called Strike
0-1: Ball
Tyler Myatt steals 3rd base
1-1: Ball
2-1: Foul Ball, location: 2F
Balk!
Tyler Myatt scores
2-2: Strikes out swinging
Batting: LHB Andrew Erens 0-0: Ball
1-0: Ground out 6-3 (Groundball, 6S, EV 90.6 MPH)
Bottom of the 2nd over - 2 runs, 2 hits, 0 errors, 0 left on base; Tri-City 0 - Aberdeen 3
TOP OF THE 3RD
Tri-City ValleyCats batting - Pitching for Aberdeen Ironbirds : RHP Matt Talaski
Batting: LHB Kyle Moore 0-0: SINGLE (Groundball, 4, EV 110.6 MPH)
Batting: RHB Rob Baker 0-0: Ball
1-0: Ball
2-0: Swinging Strike
2-1: Foul Ball, location: 2F
2-2: Foul Ball, location: 2F
2-2: Fly out, F8 (Flyball, 8RD, EV 101.9 MPH)
Batting: RHB Justin Olmstead 0-0: Called Strike
0-1: Ball
1-1: Ball
2-1: Fielders Choice at 2nd, 5-4 (Groundball, 5L, EV 101.3 MPH)
Batting: SHB Paskar Adegoke 0-0: Ball
Justin Olmstead steals 2nd base (no throw)
1-0: Called Strike
1-1: Fly out, F8 (Line Drive, 8LM, EV 96.3 MPH)
Top of the 3rd over - 0 runs, 1 hit, 0 errors, 1 left on base; Tri-City 0 - Aberdeen 3
BOTTOM OF THE 3RD
Aberdeen Ironbirds batting - Pitching for Tri-City ValleyCats : RHP Elroy Meulenkamp
Batting: RHB Edwin Ramos 0-0: Ball
1-0: Called Strike
1-1: Called Strike
1-2: Strikes out swinging
Batting: SHB Jorge Brito 0-0: Called Strike
0-1: Ball
1-1: Ball
2-1: Called Strike
2-2: Strikes out swinging
Batting: RHB Jordan Wallace 0-0: Ball
1-0: Ball
2-0: Foul Ball, location: 2F
2-1: SINGLE (Groundball, 34D, EV 109.4 MPH)
Batting: LHB David Best 0-0: Ball
1-0: Ground out 4-3 (Groundball, 4, EV 100.0 MPH)
Bottom of the 3rd over - 0 runs, 1 hit, 0 errors, 1 left on base; Tri-City 0 - Aberdeen 3
TOP OF THE 4TH
Tri-City ValleyCats batting - Pitching for Aberdeen Ironbirds : RHP Matt Talaski
Batting: RHB Raul Sanchez 0-0: Ball
1-0: Called Strike
1-1: Ball
2-1: Foul Ball, location: 2F
2-2: Strikes out swinging
Batting: RHB Jordan Williams 0-0: Fly out, F9 (Flyball, 89D, EV 93.8 MPH)
Batting: LHB Vinny Siebecker 0-0: Ball
1-0: Ball
2-0: Swinging Strike
2-1: Fly out, F7 (Flyball, 7LS, EV 82.5 MPH)
Top of the 4th over - 0 runs, 0 hits, 0 errors, 0 left on base; Tri-City 0 - Aberdeen 3
BOTTOM OF THE 4TH
Aberdeen Ironbirds batting - Pitching for Tri-City ValleyCats : RHP Elroy Meulenkamp
Batting: RHB Lee Deason 0-0: Ball
1-0: Swinging Strike
1-1: Called Strike
1-2: Fly out, F7 (Flyball, 7D, EV 104.4 MPH)
Batting: SHB Tyler Myatt 0-0: Ball
1-0: Ball
2-0: Ball
3-0: Called Strike
3-1: Base on Balls
Batting: RHB Juan Estrada 0-0: Ball
Tyler Myatt is caught stealing 2nd base 2-4
1-0: Ball
2-0: Ball
3-0: Called Strike
3-1: Foul Ball, location: 2F
3-2: Foul Ball, location: 2F
3-2: Ground out 4-3 (Groundball, 4, EV 81.9 MPH)
Bottom of the 4th over - 0 runs, 0 hits, 0 errors, 0 left on base; Tri-City 0 - Aberdeen 3
TOP OF THE 5TH
Tri-City ValleyCats batting - Pitching for Aberdeen Ironbirds : RHP Matt Talaski
Batting: RHB Ramon Castellon 0-0: Called Strike
0-1: Foul Ball, location: 2F
0-2: Foul Ball, location: 2F
0-2: Fly out, F8 (Flyball, 89XD, EV 97.5 MPH)
Batting: RHB Evan Fry 0-0: Foul Ball, location: 2F
0-1: Ball
1-1: Ball
2-1: Ball
3-1: Called Strike
3-2: Strikes out looking
Batting: LHB Kyle Moore 0-0: Called Strike
0-1: Hit by Pitch
Batting: RHB Rob Baker 0-0: Foul Ball, location: 2F
0-1: Called Strike
0-2: Ball
1-2: Foul Ball, location: 2F
1-2: Foul Ball, location: 2F
1-2: Ball
Kyle Moore steals 2nd base
2-2: Ground out 6-3 (Groundball, 4MS, EV 85.6 MPH)
Top of the 5th over - 0 runs, 0 hits, 0 errors, 1 left on base; Tri-City 0 - Aberdeen 3
BOTTOM OF THE 5TH
Aberdeen Ironbirds batting - Pitching for Tri-City ValleyCats : RHP Elroy Meulenkamp
Batting: LHB Shane Free 0-0: Called Strike
0-1: Ball
1-1: Ball
2-1: Ball
3-1: Ground out 6-3 (Groundball, 6, EV 93.8 MPH)
Batting: LHB Andrew Erens 0-0: Fly out, F8 (Flyball, 8LD, EV 95.0 MPH)
Batting: RHB Edwin Ramos 0-0: Ground out 3-1 (Groundball, 34, EV 105.0 MPH)
Bottom of the 5th over - 0 runs, 0 hits, 0 errors, 0 left on base; Tri-City 0 - Aberdeen 3
TOP OF THE 6TH
Tri-City ValleyCats batting - Pitching for Aberdeen Ironbirds : RHP Matt Talaski
Batting: RHB Justin Olmstead 0-0: Ground out 6-3 (Groundball, 6, EV 108.1 MPH)
Batting: SHB Paskar Adegoke 0-0: Ball
1-0: Ball
2-0: Ground out 5-3 (Groundball, 56, EV 84.4 MPH)
Batting: RHB Raul Sanchez 0-0: Called Strike
0-1: Foul Ball, location: 2F
0-2: SOLO HOME RUN (Flyball, 7LD, EV 96.9 MPH), Distance : 363 ft
Batting: RHB Jordan Williams 0-0: Ball
1-0: Ball
2-0: Called Strike
2-1: Ball
3-1: Called Strike
3-2: Foul Ball, location: 2F
3-2: SINGLE (Groundball, 56S, EV 73.1 MPH) (infield hit)
Pitching: LHP Josh Binyon
Batting: LHB Vinny Siebecker 0-0: Called Strike
0-1: Ball
1-1: Foul Ball, location: 2F
1-2: Ball
2-2: Strikes out swinging
Top of the 6th over - 1 run, 2 hits, 0 errors, 1 left on base; Tri-City 1 - Aberdeen 3
BOTTOM OF THE 6TH
Aberdeen Ironbirds batting - Pitching for Tri-City ValleyCats : RHP Elroy Meulenkamp
Batting: SHB Jorge Brito 0-0: Swinging Strike
0-1: Foul Ball, location: 2F
0-2: Ball
1-2: SOLO HOME RUN (Flyball, 89XD, EV 110.0 MPH), Distance : 429 ft
Batting: RHB Jordan Wallace 0-0: Ball
1-0: Foul Ball, location: 2F
1-1: Ball
2-1: Foul Ball, location: 2F
2-2: Strikes out looking
Batting: LHB David Best 0-0: Ball
1-0: Called Strike
1-1: Ball
2-1: Foul Ball, location: 2F
2-2: Foul Ball, location: 2F
2-2: Strikes out looking
Batting: RHB Lee Deason 0-0: Ball
1-0: Called Strike
1-1: Foul Ball, location: 2F
1-2: Foul Ball, location: 2F
1-2: Strikes out swinging
Bottom of the 6th over - 1 run, 1 hit, 0 errors, 0 left on base; Tri-City 1 - Aberdeen 4
TOP OF THE 7TH
Tri-City ValleyCats batting - Pitching for Aberdeen Ironbirds : LHP Josh Binyon
Batting: RHB Ramon Castellon 0-0: Foul Ball, location: 2F
0-1: Ball
1-1: Ball
2-1: Ball
3-1: Fly out, F8 (Flyball, 8LM, EV 91.9 MPH)
Pitching: RHP Jon Juarez
Batting: RHB Evan Fry 0-0: Called Strike
0-1: Ball
1-1: Foul Ball, location: 2F
1-2: Strikes out swinging
Batting: LHB Kyle Moore 0-0: Called Strike
0-1: Ground out 5-3 (Groundball, 56, EV 79.4 MPH)
Top of the 7th over - 0 runs, 0 hits, 0 errors, 0 left on base; Tri-City 1 - Aberdeen 4
BOTTOM OF THE 7TH
Aberdeen Ironbirds batting - Pitching for Tri-City ValleyCats : RHP Elroy Meulenkamp
Batting: SHB Tyler Myatt 0-0: Foul Ball, location: 2F
0-1: Ball
1-1: Foul Ball, location: 2F
1-2: Strikes out swinging
Pitching: RHP Jon Davis
Batting: RHB Juan Estrada 0-0: Fly out, F8 (Flyball, 89S, EV 72.5 MPH)
Batting: LHB Shane Free 0-0: Foul Ball, location: 2F
0-1: Ball
1-1: Ball
2-1: Ball
3-1: SINGLE (Line Drive, 56D, EV 95.6 MPH)
Batting: LHB Andrew Erens 0-0: Called Strike
Shane Free steals 2nd base
0-1: Called Strike
0-2: Ball
1-2: Foul Ball, location: 2F
1-2: Hit by Pitch
Batting: RHB Edwin Ramos 0-0: Ball
1-0: Foul Ball, location: 2F
1-1: Fly out, F8 (Flyball, 8RD, EV 85.0 MPH)
Bottom of the 7th over - 0 runs, 1 hit, 0 errors, 2 left on base; Tri-City 1 - Aberdeen 4
TOP OF THE 8TH
Tri-City ValleyCats batting - Pitching for Aberdeen Ironbirds : RHP Jon Juarez
Pinch Hitting: LHB Jon Pope 0-0: Ball
1-0: Foul Ball, location: 2F
1-1: Ball
2-1: Foul Ball, location: 2F
2-2: Fly out, F9 (Flyball, 9LM, EV 91.3 MPH)
Batting: RHB Justin Olmstead 0-0: Ball
1-0: Called Strike
1-1: Swinging Strike
1-2: Fly out, F6 (Popup, 15S, EV 81.9 MPH)
Batting: SHB Paskar Adegoke 0-0: Foul Ball, location: 2F
0-1: Ball
1-1: Ball
2-1: Foul Ball, location: 2F
2-2: Fly out, F5 (Line Drive, 5, EV 67.5 MPH)
Top of the 8th over - 0 runs, 0 hits, 0 errors, 0 left on base; Tri-City 1 - Aberdeen 4
BOTTOM OF THE 8TH
Aberdeen Ironbirds batting - Pitching for Tri-City ValleyCats : RHP Jon Davis
Now at 2B: Justin Olmstead
Now in LF: Jon Pope
Batting: SHB Jorge Brito 0-0: Called Strike
0-1: Ball
1-1: Swinging Strike
1-2: Strikes out swinging
Batting: RHB Jordan Wallace 0-0: Ball
1-0: Ball
2-0: Ball
3-0: Called Strike
3-1: Base on Balls
Batting: LHB David Best 0-0: Ball
1-0: Called Strike
1-1: Ball
Jordan Wallace steals 2nd base
2-1: Intentional Walk
Batting: RHB Lee Deason 0-0: Called Strike
0-1: Foul Ball, location: 2F
0-2: Ball
1-2: Ball
2-2: Fly out, F6 (Popup, 56D, EV 58.1 MPH)
Pitching: RHP Justin Coney
Batting: SHB Tyler Myatt 0-0: Ball
1-0: Called Strike
1-1: Foul Ball, location: 2F
1-2: Foul Ball, location: 2F
1-2: Ground out U3 (Groundball, 3, EV 83.1 MPH)
Bottom of the 8th over - 0 runs, 0 hits, 0 errors, 2 left on base; Tri-City 1 - Aberdeen 4
TOP OF THE 9TH
Tri-City ValleyCats batting - Pitching for Aberdeen Ironbirds : RHP Jon Juarez
Pitching: LHP Randall Rennie
Batting: RHB Raul Sanchez 0-0: Ball
1-0: Called Strike
1-1: Swinging Strike
1-2: Ball
2-2: Strikes out swinging
Batting: RHB Jordan Williams 0-0: Fly out, F9 (Flyball, 9D, EV 100.0 MPH)
Batting: LHB Vinny Siebecker 0-0: Called Strike
0-1: Ball
1-1: Called Strike
1-2: Ground out 5-3 (Groundball, 56, EV 101.9 MPH)
Top of the 9th over - 0 runs, 0 hits, 0 errors, 0 left on base; Tri-City 1 - Aberdeen 4
Thursday, March 31st , 2022 - OOTP Baseball 22.12 Build 89